 Dungeon Crawl Stone Soup version 0.20-a0-553-g9f38e11 (webtiles) character file.

861 nikopol the Chopper (level 8, 0/50 HPs)
             Began as a Gargoyle Berserker on Feb 2, 2017.
             Was a Priest of Trog.
             Slain by an ogre
             ... wielding a +0 giant club
              (17 damage)
             ... on level 4 of the Dungeon on Feb 3, 2017.
             The game lasted 00:07:37 (3965 turns).

nikopol the Chopper (Gargoyle Berserker)            Turns: 3965, Time: 00:07:37

Health: 0/50       AC: 13    Str: 20    XL:     8   Next: 2%
Magic:  8/8        EV: 11    Int:  9    God:    Trog [***...]
Gold:   105        SH:  0    Dex: 11    Spells: 7/7 levels left

rFire    . . .     SeeInvis .   a - +0 hand axe
rCold    . . .     Gourm    .   f - +0 scale mail
rNeg     + . .     Faith    .   (no shield)
rPois    ∞         Spirit   .   k - +0 helmet
rElec    +         Reflect  .   (no cloak)
rCorr    .         Harm     .   (no gloves)
MR       .....                  (no boots)
Stlth    ..........             (no amulet)
Regen    0.2/turn               (no ring)
                                (no ring)

@: no status effects
A: negative energy resistance 1, electricity resistance, unbreathing,
petrification resistance, rot immunity, AC +5
a: Berserk, Trog's Hand, Burn Spellbooks, Renounce Religion


You were on level 4 of the Dungeon.
You worshipped Trog.
Trog was most pleased with you.
You were not hungry.

You visited 1 branch of the dungeon, and saw 4 of its levels.

You collected 105 gold pieces.

Inventory:

Hand Weapons
 a - a +0 hand axe (weapon)
Missiles
 q - 23 arrows (quivered)
Armour
 b - a +0 animal skin
 f - a +0 scale mail (worn)
 k - a +0 helmet (worn)
 t - a +0 helmet
Jewellery
 l - an uncursed ring of resist corrosion {unknown}
Wands
 r - a wand of digging (9/24)
Scrolls
 d - 8 scrolls of remove curse {unknown}
 h - a scroll of amnesia {unknown}
 i - 6 scrolls of identify {unknown}
 n - a scroll of enchant weapon {unknown}
 o - 3 scrolls of teleportation {unknown}
Potions
 e - a potion of mutation {unknown}
 g - 5 potions of agility {unknown}
 m - a potion of flight {unknown}
 p - a potion of brilliance {unknown}
 s - 2 potions of invisibility {unknown}
Comestibles
 c - a bread ration
 j - 3 meat rations
 u - 3 chunks of flesh


   Skills:
 + Level 5.5 Fighting
 * Level 5.7 Axes
 + Level 4.6 Armour
 + Level 3.4 Dodging


You had 7 spell levels left.
You didn't know any spells.

Dungeon Overview and Level Annotations

Branches:
Dungeon (4/15)             Temple (0/1) D:4

Altars:
Trog
The Shining One


Innate Abilities, Weirdness & Mutations

You are resistant to torment.
Your stone body is resilient. (AC +5)
You are immune to poison.
You resist negative energy. (rN+)
You are resistant to electric shocks. (rElec)
You can survive without breathing.
You are immune to petrification.
You are immune to rotting.


Message History

You barely miss the ogre.
The ogre is lightly wounded.
The ogre barely misses you.
You hit the ogre.
The ogre is moderately wounded.
You hit the ogre.
The ogre is heavily wounded.
The ogre hits you with a giant club!
You hit the ogre.
The ogre is severely wounded.
The ogre closely misses you.
You barely miss the ogre.
The ogre is severely wounded.
The ogre closely misses you.
You hit the ogre.
The ogre is severely wounded.
You hit the ogre.
The ogre is almost dead.
The ogre hits you with a giant club!
You die...

### ##.#.## #..##. .# ##.##
#..... )### #.# #..... ...##
##'## #.#### ....# ##...## #.....
....####.....## # #.....
......#.......## #.## #.####
...##..........###....######.####
......(........'@O...............
..###..........###.###+#####.###.
.<###.#.......## #.....#.......
......##.....## #.###.#.#####.
#########...## +.+>#.'.# #. #
##'## #.###.### #. # #.# #.....#
#. # #.# ####'### #. ##
##.########.#..# #.


You could see an ogre.

Vanquished Creatures
  Grinder (D:4)
  A phantom (D:4)
  2 ogres (D:4)
  Blork the orc (D:4)
  An orc wizard (D:4)
  A bullfrog skeleton (D:4)
  Natasha (thrice) (D:4)
  3 worker ants (D:4)
  4 adders
  3 gnolls (D:4)
  An ooze (D:3)
  An adder skeleton (D:4)
  2 worms (D:3)
  2 dart slugs (D:1)
  12 orcs
  A ball python (D:1)
  3 giant cockroaches
  6 goblins
  A hobgoblin (D:3)
  13 jackals
  A quokka (D:3)
  A ball python skeleton (D:4)
  5 bats
  5 frilled lizards
  4 kobolds (D:1)
  A leopard gecko skeleton (D:3)
  11 rats
90 creatures vanquished.

Notes
Turn   | Place    | Note
-------+----------+-------------------------------------------
     0 | D:1      | nikopol the Gargoyle Berserker began the quest for the Orb.
     0 | D:1      | Reached XP level 1. HP: 14/14 MP: 1/1
   113 | D:1      | Reached XP level 2. HP: 19/19 MP: 2/2
   366 | D:1      | Reached ** piety under Trog
   366 | D:1      | Reached XP level 3. HP: 23/23 MP: 3/3
  1500 | D:3      | Reached XP level 4. HP: 29/29 MP: 4/4
  1550 | D:3      | Found a bloodstained altar of Trog.
  2170 | D:4      | Noticed an ogre
  2177 | D:4      | Killed an ogre
  2177 | D:4      | Reached XP level 5. HP: 34/34 MP: 5/5
  2272 | D:4      | Noticed Grinder
  2284 | D:4      | Killed Grinder
  2284 | D:4      | Reached XP level 6. HP: 11/40 MP: 6/6
  2542 | D:4      | Reached skill level 5 in Fighting
  2544 | D:4      | Reached XP level 7. HP: 44/44 MP: 7/7
  2601 | D:4      | Noticed Blork the orc
  2602 | D:4      | Reached *** piety under Trog
  2629 | D:4      | Killed Blork the orc
  2882 | D:4      | Noticed Natasha
  2888 | D:4      | Reached skill level 5 in Axes
  2890 | D:4      | Killed Natasha
  2898 | D:4      | Upgraded the game from 0.20-a0-550-gf70bbbc to 0.20-a0-553-g9f38e11
  2980 | D:4      | Noticed Natasha
  2987 | D:4      | Killed Natasha
  3221 | D:4      | Noticed Natasha
  3250 | D:4      | Killed Natasha
  3602 | D:4      | Found a glowing golden altar of the Shining One.
  3703 | D:4      | Found a staircase to the Ecumenical Temple.
  3846 | D:4      | Reached XP level 8. HP: 42/50 MP: 8/8
  3965 | D:4      | Slain by an ogre

Vault maps used:
D:1:      dpeg_arrival_more_subterranean_lakeside_camping, serial_bayou_pond_e
D:2:      first_bread
D:3:      lemuel_coloured_pillars_altar
D:4:      nicolae_tso_carved_into_rock, minmay_temple_entry_glassed_door,
          uniq_grinder, uniq_natasha, uniq_blork_the_orc

Skill      XL: |  1  2  3  4  5  6  7 |
---------------+----------------------+-----
Axes           | 3 4 5 |  5.7
Fighting       | 4 5 |  5.5
Dodging        | 2 3 |  3.4
Armour         | 3 4 |  4.6

Action                   |  1- 3 |  4- 6 |  7- 9 || total
-------------------------+-------+-------+-------++-------
Melee: Hand axe          |   143 |   104 |   153 ||   400
Invok: Berserk           |       |     3 |     3 ||     6
  Eat: Chunk             |     2 |     4 |     6 ||    12
       Fruit             |       |     1 |       ||     1
       Bread ration      |       |       |     1 ||     1
Armor: Animal skin       |     4 |       |       ||     4
       Scale mail        |    96 |    52 |    84 ||   232
Dodge: Dodged            |   105 |    62 |    82 ||   249
